 Dungeon Crawl Stone Soup version 0.24-a0-639-gb70a11d811 (webtiles) character file.

Game seed: 8575080651551372623, levelgen mode: deterministic

241 Erlindor the Skirmisher (level 5, -3/30 HPs)
             Began as a Vampire Abyssal Knight on Sept 22, 2019.
             Was a Believer of Lugonu.
             Slain by Menkaure (14 damage)
             ... on level 4 of the Dungeon.
             The game lasted 00:16:12 (3638 turns).

Erlindor the Skirmisher (Vampire Abyssal Knight)    Turns: 3638, Time: 00:16:13

Health: -3/30      AC: 15    Str: 12    XL:     5   Next: 80%
Magic:  6/6        EV:  3    Int: 14    God:    Lugonu [**....]
Gold:   215        SH:  0    Dex: 14    Spells: 4/4 levels left

rFire    . . .     SeeInvis +   a - +2 short sword
rCold    + + .     Gourm    .   (no shield)
rNeg     + + +     Faith    .   p - +4 plate armour
rPois    ∞         Spirit   .   (no helmet)
rElec    .         Reflect  .   (no cloak)
rCorr    .         Harm     .   (no gloves)
MR       .....                  (no boots)
Stlth    ..........             (no amulet)
HPRegen  0.00/turn              m - +1 ring of protection
MPRegen  0.10/turn              o - ring of stealth

@: bloodless, regenerating quickly
A: no food, fangs 3, see invisible, [frail 1], unbreathing
a: Bat Form, Revivify, Depart the Abyss, Bend Space, Renounce Religion


You were on level 4 of the Dungeon.
You worshipped Lugonu.
Lugonu was pleased with you.
You were bloodless.

You visited 1 branch of the dungeon, and saw 4 of its levels.
You visited the Abyss 1 time.

You collected 237 gold pieces.
You spent 22 gold pieces at shops.

Inventory:

Hand Weapons
 a - a +2 short sword (weapon)
 y - the +3 hunting sling of Ruengeimn {velocity, Str+3 Dex+3}
   (You took it off an orc on level 4 of the Dungeon)

   Any stone fired from it inflicts extra damage.
   It affects your strength (+3).
   It affects your dexterity (+3).
Armour
 p - a +4 plate armour (worn)
Jewellery
 i - an uncursed ring of positive energy
 m - a +1 ring of protection (left hand)
 n - an uncursed ring of magical power
 o - a ring of stealth (right hand)
 t - an uncursed ring of flight
 w - an uncursed ring of ice
Wands
 d - a wand of polymorph (5)
 s - a wand of flame (12)
Scrolls
 b - a scroll of teleportation
 e - a scroll of enchant weapon
 f - a scroll of fear {unknown}
 h - 4 scrolls of remove curse
 r - 2 scrolls of identify
 u - a scroll of amnesia {unknown}
Potions
 c - a potion of ambrosia {unknown}
 g - a potion of cancellation {unknown}
 j - 3 potions of curing {unknown}
 k - a potion of flight {unknown}
 l - 3 potions of haste
 q - 2 potions of resistance
 v - a potion of berserk rage {unknown}
 x - 2 potions of brilliance {unknown}


   Skills:
 * Level 4.6 Fighting
 + Level 3.8 Short Blades
 - Level 0.7 Armour
 + Level 3.8 Dodging
 - Level 1.5 Invocations


You had 4 spell levels left.
You didn't know any spells.
Your spell library was empty.

Dungeon Overview and Level Annotations

Branches:
Dungeon (4/15)
 Temple: D:4-7

Altars:

Shops:
D:4 *

Annotations:
D:4 Menkaure


Innate Abilities, Weirdness & Mutations

You do not eat.
You do not regenerate when monsters are visible.
You are frail without blood (-20% HP).
You are immune to poison.
You have razor-sharp teeth.
You have supernaturally acute eyesight. (SInv)
You can survive without breathing.
[You are frail. (-10% HP)]


Message History

You hit Menkaure but do no damage.
Menkaure is moderately damaged.
Menkaure hits you!
You hit Menkaure.
Menkaure is heavily damaged.
You hit Menkaure.
Menkaure is heavily damaged.
Menkaure mumbles some strange words.
Menkaure seems to speed up.
You hit Menkaure.
Menkaure is severely damaged.
Menkaure hits you but does no damage.
You hit Menkaure but do no damage.
Menkaure is severely damaged.
Menkaure hits you but does no damage.
You hit Menkaure but do no damage.
Menkaure is severely damaged.
Menkaure's bandages flutter.
Menkaure hits you!
You die...

#.............#.......##
####....................... #####
#......................#... ....#
#........#..........#.##... #.#.#
#........'...##.#......#...
#.#.###........####..........#...
#.#.##......)#.#.......M..#......
#..............#.M#.......+......
#...##.......###@##......##......
#...##.......# #.##......##......
#...##.....### #.##......''......
#...############.##)#....##......
#................##)#.....#......
#..#.##########..##.#####.#......
##.#.##.......#..##.#.....+......
##.#.##.#####.#..##.#.#.#.#......
#..#.##.# #.#..##.#.#.#.#.....#


You could see Menkaure.

Vanquished Creatures
  A hound (D:4)
  An iguana (D:4)
  2 worker ants (D:4)
  2 adders
  An ooze (D:3)
  3 worms
  2 dart slugs (D:1)
  4 leopard geckos
  10 orcs
  A ball python (D:3)
  11 bats
  4 giant cockroaches
  9 goblins
  13 hobgoblins
  2 jackals (D:3)
  5 kobolds
  A quokka (D:2)
  7 frilled lizards
  A quokka skeleton (D:4)
  7 rats
87 creatures vanquished.

Notes
Turn   | Place    | Note
-------+----------+-------------------------------------------
     0 | Abyss:1  | Erlindor the Vampire Abyssal Knight began the quest for the
                  | Orb.
     0 | Abyss:1  | Reached XP level 1. HP: 17/17 MP: 2/2
    40 | Abyss:1  | Noticed a ynoxinul
    76 | Abyss:2  | Noticed a ynoxinul
    91 | D:1      | Escaped the Abyss
   191 | D:1      | Reached skill level 3 in Fighting
   191 | D:1      | Reached XP level 2. HP: 23/24 MP: 3/3
   360 | D:1      | Reached * piety under Lugonu
   834 | D:3      | Found a glowing drain.
   892 | D:2      | Reached XP level 3. HP: 29/29 MP: 4/4
  1337 | D:2      | Reached XP level 4. HP: 34/37 MP: 5/5
  1583 | D:3      | Reached ** piety under Lugonu
  1935 | D:3      | Reached skill level 4 in Fighting
  2356 | D:4      | Reached XP level 5. HP: 39/42 MP: 6/6
  2523 | D:4      | Found Rontiroph's General Store.
  2664 | D:4      | Bought a scroll of identify for 22 gold pieces
  2786 | D:4      | Noticed Menkaure
  3155 | D:4      | Identified the +3 hunting sling of Ruengeimn {velocity,
                  | Str+3 Dex+3}
  3638 | D:4      | Slain by Menkaure

Levels and vault maps discovered:
D:1:      saegor_arrival_simple_b, layout_loops_ring
D:2:      cheibrodos_greedy_goblins, layout_basic, first_ration,
          minmay_tetromino_i4
D:3:      layout_loops_ring, cheibrodos_sewer_entry_sluice
D:4:      layout_basic, lemuel_round_altar, serial_shops, shop,
          gammafunk_ghost_arena, uniq_grinder, uniq_menkaure

Skill      XL: |  1  2  3  4 |
---------------+-------------+-----
Fighting       | 3 4 |  4.6
Short Blades   | 3 |  3.8
Dodging        | 3 |  3.8
Armour         | |  0.7
Invocations    | |  1.5

Action                   |  1- 3 |  4- 6 || total
-------------------------+-------+-------++-------
Melee: Short sword       |   162 |   235 ||   397
       Bite              |    12 |    22 ||    34
Invok: Depart the Abyss  |     1 |       ||     1
 Abil: Exsanguinate      |       |     2 ||     2
       Revivify          |       |     1 ||     1
  Use: Scroll            |     5 |     4 ||     9
 Stab: Sleeping          |     2 |       ||     2
Armor: Leather armour    |    31 |       ||    31
       Plate armour      |    43 |   155 ||   198
Dodge: Dodged            |    69 |    31 ||   100

Table legend:
 A = Non-vault XP
 B = Vault XP
 C = Vault XP percentage of total XP
 D = Non-vault monster count
 E = Vault monster count
 F = Vault count percentage of total count
                 A         B        C        D         E       F
            +---------+---------+-------+---------+---------+-------
      Total |     311 |      34 |   9.9 |      72 |      15 |  17.2
            +---------+---------+-------+---------+---------+-------
        D:1 |      35 |       0 |   0.0 |      21 |       0 |   0.0
        D:2 |      44 |      22 |  33.3 |      15 |      12 |  44.4
        D:3 |      57 |      12 |  17.4 |      21 |       3 |  12.5
        D:4 |     175 |       0 |   0.0 |      15 |       0 |   0.0
            +---------+---------+-------+---------+---------+-------
